 Dungeon Crawl Stone Soup version 0.29.0-4-gdea44cf6ec (webtiles) character file.

Game seed: 13903889253022567774

16 qw the Chopper (level 2, -3/24 HPs)
             Began as a Barachi Chaos Knight on Sept 5, 2022.
             Slain by an unseen horror (shapeshifter) (6 damage)
             ... on level 2 of the Dungeon.
             The game lasted 00:00:26 (868 turns).

qw the Chopper (Barachi Chaos Knight)                Turns: 868, Time: 00:00:26

Health: -3/24      AC:  5    Str: 13    XL:     2   Next: 58%
Magic:  2/2        EV: 11    Int: 12    God:
Gold:   63         SH:  0    Dex: 11    Spells: 1/1 levels left

rFire   . . .      SeeInvis .   Y - +0 hand axe (chaos)
rCold   + . .      Faith    .   (no shield)
rNeg    . . .      Spirit   .   b - +2 leather armour
rPois   .          Reflect  .   (no helmet)
rElec   .          Harm     .   (no cloak)
rCorr   .          Rampage  .   (no gloves)
Will    .....                   (no boots)
Stlth   +.........              (no amulet)
HPRegen 0.08/turn               i - ring of protection from cold
MPRegen 0.08/turn               (no ring)

@: slow
A: amphibious, slowness 1, strong legs 1, +LOS
a: Hop


You were on level 2 of the Dungeon.
You visited 1 branch of the dungeon, and saw 2 of its levels.

You collected 63 gold pieces.


Innate Abilities, Weirdness & Mutations

You are amphibious.
You cover ground slowly.
You can hop short distances.
You have an extended range of vision and can be seen from far away.


   Skills:
 - Level 3.6 Fighting
 + Level 4.2 Axes
 - Level 2.4 Armour
 - Level 1.1 Dodging


You had one spell level left.
You didn't know any spells.
Your spell library was empty.

Inventory:

Hand Weapons
 Y - a +0 hand axe of chaos (weapon)
Armour
 b - a +2 leather armour (worn)
Jewellery
 i - a ring of protection from cold (left hand)
Potions
 f - a potion of mutation {unknown}
 m - a potion of curing {unknown}
Miscellaneous
 c - a piece from Xom's chessboard (15/15)

Dungeon Overview and Level Annotations

Branches:
Dungeon (2/15)

Altars:


Message History

An endoplasm comes into view.
The endoplasm quivers.
You hit the endoplasm.
The endoplasm flickers and vanishes!
Deactivating autopickup; reactivate with Ctrl-A.
You are frozen.
You resist.
You closely miss something.
You are frozen.
You resist.
You hit something.
Reactivating autopickup.
You feel a bit more experienced.
You start resting. "Whee!"
Your surroundings suddenly seem different.
A worm comes into view.
Found a book of Geomancy.
Enter note:
Enter note: You hit the worm but do no damage.
You slash the worm!
The worm changes into a shapeshifter!
The shapeshifter changes into something you cannot see!
You start resting.
Something hits you.
Deactivating autopickup; reactivate with Ctrl-A.
You swing at nothing.
Something hits you but does no damage.
You hit something. Something hits you.
You swing at nothing.
Something hits you!
You closely miss something. Something hits you.
You barely miss something. Something hits you.
You hit something. You freeze something. Something hits you but does no damage.
You hit something but do no damage.
Nothing appears to happen.
Something hits you.
You closely miss something. Something hits you.
You die...

.. #...... ...
+.....+ ...#
#.....# .....
#.....#
#....##.....# ##.
#......:....#....
#................
#................
#.......@........
#................
#................
#................
#................
########.........
#.........
#.........
##########


There were no monsters in sight!

Vanquished Creatures
  A dart slug (D:1)
  A bat (D:2)
  3 endoplasms
  2 giant cockroaches (D:1)
  A kobold (D:1)
  A quokka (D:1)
  A frilled lizard (D:1)
  3 rats (D:1)
  A butterfly (D:1)
14 creatures vanquished.

Notes
Turn   | Place    | Note
-------+----------+-------------------------------------------
     0 | D:1      | qw the Barachi Chaos Knight began the quest for the Orb.
     0 | D:1      | Reached XP level 1. HP: 18/18 MP: 1/1
     0 | D:1      | 0 ||| qw: Version: 0.1-a-104-g96f76f8
     0 | D:1      | 0 ||| qw: Game counter: 6017
     0 | D:1      | 0 ||| qw: Always use a shield: true
     0 | D:1      | 0 ||| qw: God list: Okawaru
     0 | D:1      | 0 ||| qw: Allow faded altars: false
     0 | D:1      | 0 ||| qw: Do Orc after D:15 true
     0 | D:1      | 0 ||| qw: Do second Lair branch before Depths: true
     0 | D:1      | 0 ||| qw: Lair rune preference: random
     0 | D:1      | 0 ||| qw: Plans: Normal
     0 | D:1      | 0 ||| PLANNING D:1-11
     0 | D:1      | Fell from the grace of Xom
   319 | D:1      | 319 ||| Stepping ~*~*~tactically~*~*~ (hiding).
   421 | D:1      | 421 ||| Stepping ~*~*~tactically~*~*~ (hiding).
   422 | D:1      | 422 ||| Stepping ~*~*~tactically~*~*~ (hiding).
   435 | D:1      | Reached XP level 2. HP: 24/24 MP: 2/2
   468 | D:1      | Reached skill level 4 in Axes
   506 | D:1      | 506 ||| Stepping ~*~*~tactically~*~*~ (stealth).
   717 | D:1      | 717 ||| DROPPING ring of wizardry.
   718 | D:1      | 718 ||| UPGRADING to ring of protection from cold.
   719 | D:1      | 719 ||| READING scroll labelled YTROJU ALUOGI.
   720 | D:1      | 720 ||| READING scroll labelled WAM PYDONGUYMM.
   721 | D:1      | 721 ||| READING scroll labelled UWKO EHEIKEINN.
   722 | D:1      | 722 ||| READING scroll labelled DIEHAETITZ.
   723 | D:1      | 723 ||| READING scroll labelled HOHIULIUCA.
   726 | D:1      | 726 ||| DRINKING 2 fuming orange potions.
   771 | D:1      | 771 ||| DROPPING potion of lignification.
   856 | D:2      | XOM: 1-stop teleportation journey
   859 | D:2      | Noticed a shapeshifter
   859 | D:2      | a worm changed into a shapeshifter
   859 | D:2      | a shapeshifter changed into something unseen
   865 | D:2      | HP: 5/24 [something (5)]
   867 | D:2      | HP: 2/24 [something (3)]
   868 | D:2      | Slain by an unseen horror (shapeshifter)

Levels and vault maps discovered:
D:1:      spicycebolla_arrival_clurvy, layout_basic
D:2:      layout_basic

Skill      XL: |  1  2 |
---------------+-------+-----
Axes           | 4 |  4.2
Fighting       | |  3.6
Armour         | |  2.4
Dodging        | |  1.1

Action                   || total
-------------------------++-------
Melee: Hand axe          ||    40
Invok: Renounce Religion ||     1
  Use: Scroll            ||     5
       Potion            ||     1
Armor: Leather armour    ||    14
Dodge: Dodged            ||    15

Table legend:
 A = Non-vault XP
 B = Vault XP
 C = Vault XP percentage of total XP
 D = Non-vault monster count
 E = Vault monster count
 F = Vault count percentage of total count
                 A         B        C        D         E       F
            +---------+---------+-------+---------+---------+-------
      Total |      24 |       0 |   0.0 |      13 |       0 |   0.0
            +---------+---------+-------+---------+---------+-------
        D:1 |      18 |       0 |   0.0 |      10 |       0 |   0.0
        D:2 |       6 |       0 |   0.0 |       3 |       0 |   0.0
            +---------+---------+-------+---------+---------+-------
